Unix NetHack Version 5.0.0-0 post-release - last build Jun 10 2026 00:39:30 (3ee93aec679c4c4259841fe613dc97188e26a321,branch:main).

Game began 2026-06-29 01:43:35, ended 2026-06-29 05:11:53.

Brudee, chaotic female human Rogue

                      ----------------
                      |..............|    -----       ---------------
                      |..............|    |...|       -.............|
                      |..............|   #...<.#      |.............|
                     #...............|   #|...|#      |...........{.|
                     #-------------.--   #-----#      |.<...........|
                     #             #     #     #     #-.-------------
                 #####          ####    ##     #     #########
      -----------#              #       #      #       #     ###
      |!!!!!!!!.-#              #      ##      #       #       ##
      |]!!!!!!!.|          -----.-----##       #       #        #######
      |!!!!!.!..|          |..........##################          #   #
      -----------          |.........|#       #        #         -----.----
                           |.......).|        #--------#         .`.......|
                           |.........|        #[.>{...|##        |........|
                           |..........         |).@Y).-#         +........|
                           -----------         |......|          |........|
                                               --------          ----------

Brudee the Rogue        St:15 Dx:17 Co:17 In:10 Wi:11 Ch:8  Chaotic S:15302
Dlvl:7  $:0  HP:0(68) Pw:34(34) AC:5  Xp:8/2251 T:5228 

Latest messages:
 The rothe hits!
 The rothe bites!
 The rothe misses!
 In what direction? h
 You kill the rothe!
 In what direction? h
 The dagger hits the rothe.
 The rothe misses!
 The rothe bites!
 The rothe bites again!
 You hit the rothe.
 You hit the rothe!
 You kill the rothe!
 You have no ammunition readied.
 What do you want to fire? [B or ?*] <space>
 Never mind.
 b - 5 +0 daggers (6 in total).
 There is a rothe corpse here; eat it? [ynq] (n) y
 This rothe corpse is tough.
 The rothe hits!
 You stop eating the rothe corpse.
 The rothe bites!
 The rothe bites again!
 You climb up the stairs.
 You stop waiting.
 What do you want to ready? [bB or ?*] b
 You are wielding 6 daggers.  Ready 5 of them? [ynq] (q) y
 P - 5 +0 daggers (at the ready).
 In what direction? l
 You throw 2 daggers.
 The 1st dagger hits the ape.
 The 2nd dagger hits the ape.
 You hit the ape.
 The ape hits!
 The ape hits again!
 The ape bites!
 In what direction? l
 You throw 2 daggers.
 The 1st dagger hits the ape!
 The 2nd dagger hits the ape.
 The ape hits!
 The ape hits again!
 The ape misses!
 You hit the ape!
 The ape hits!
 The ape hits again!
 The ape bites!
 You die...
 Do you want your possessions identified? [ynq] (y) y
 Do you want to see your attributes? [ynq] (y) q

Inventory:
 Weapons  (')')
  b - a +0 dagger (weapon in right hand)
  P - a +0 dagger (at the ready)
  B - a rusty +0 orcish dagger
 Armor    ('[')
  A - an uncursed +0 orcish helm (being worn)
  w - an uncursed +0 elven cloak (being worn)
  c - a blessed +1 leather armor (being worn)
 Scrolls  ('?')
  F - a cursed scroll of amnesia
  t - a blessed scroll of confuse monster
  Q - a cursed scroll of confuse monster
  M - 2 uncursed scrolls of create monster
  X - an uncursed scroll of enchant armor
  l - an uncursed scroll of food detection
  U - an uncursed scroll of gold detection
  Y - an uncursed scroll of identify
  g - a cursed scroll of light
 Potions  ('!')
  C - an uncursed potion of full healing
  m - an uncursed potion of gain ability
  T - an uncursed potion of gain level
  D - a blessed potion of invisibility
  O - a cursed potion of levitation
  E - a blessed potion of object detection
  R - a cursed potion of object detection
  d - an uncursed potion of sickness
  f - 2 potions of holy water
  r - 4 uncursed potions of water
 Rings    ('=')
  n - a cursed -1 ring of increase accuracy
 Wands    ('/')
  x - a wand of cancellation (0:7)
  z - a wand of create monster (0:14)
  q - a wand of speed monster (0:6)
  o - a wand of undead turning (0:2)
 Tools    ('(')
  i - an uncursed sack containing 1 item
  e - an uncursed lock pick
  K - a magic marker (0:47)
  N - an uncursed magic whistle
 Gems/Stones  ('*')
  u - a cursed worthless piece of black glass
  v - a cursed worthless piece of yellowish brown glass

Contents of the sack:
  5838 gold pieces

Brudee the Rogue's attributes:

Background:
 You were a Rogue, level 8 female human.
 You were chaotic, on a mission for Kos
 who was opposed by Issek (lawful) and Mog (neutral).
 You were right-handed.
 You were in the Dungeons of Doom, on level 7.
 You entered the dungeon 5228 turns ago.
 It was nighttime.
 There was a full moon in effect when your adventure ended.
 You had 2251 experience points, 309 more were needed to attain level 9.
 Your score was 15302 before end-of-game adjustments.

Basics:
 You had 0 out of 68 hit points.
 You had all 34 energy points (spell power).
 Your armor class was 5.
 Your wallet was empty, but
 you had 5838 zorkmids stashed away in your pack.
 Autopickup was on for '$!=+?/"' plus thrown.

Final Characteristics:
 Your strength was 15 (limit:18/100).
 Your dexterity was 17 (limit:18).
 Your constitution was 17 (limit:18).
 Your intelligence was 10 (limit:18).
 Your wisdom was 11 (limit:18).
 Your charisma was 8 (limit:18).

Final Status:
 You weren't hungry.
 You were unencumbered.
 You were wielding a dagger.
 You had expert skill with dagger.

Final Attributes:
 You were piously aligned.
 You were stealthy.
 You were warded.
 You were lucky.
 You are dead.

Miscellaneous:
 You encountered 1 bones level.
 Total elapsed playing time was 46 minutes and 36 seconds.

Major events:
 Turn
    1: Brudee the chaotic female human Rogue entered the dungeon
 1154: attained the rank of Cutpurse (level 3)
 1164: entered the Gnomish Mines
 3596: attained the rank of Rogue (level 6)
 4630: entered Sokoban
 5228: killed by an ape

You didn't know any spells.

Skills:
 Fighting Skills
   bare handed combat [Unskilled]
   two weapon combat  [Unskilled]
   riding             [Unskilled]
 Weapon Skills
   dagger             [Expert]
   knife              [Unskilled]
   short sword        [Basic]
   broadsword         [Unskilled]
   long sword         [Unskilled]
   two-handed sword   [Unskilled]
   saber              [Unskilled]
   club               [Unskilled]
   mace               [Unskilled]
   morning star       [Unskilled]
   flail              [Unskilled]
   hammer             [Unskilled]
   polearms           [Unskilled]
   spear              [Unskilled]
   crossbow           [Unskilled]
   dart               [Unskilled]
   shuriken           [Unskilled]
 Spellcasting Skills
   divination spells  [Unskilled]
   escape spells      [Unskilled]
   matter spells      [Unskilled]

Voluntary challenges:
 Character rerolling was not enabled.
 You never genocided any monsters.
 You never polymorphed an object.
 You never changed form.
 You used no wishes.
 You did not violate any of the special Sokoban rules.
Achievements:
 You attained the rank of Cutpurse.
 You entered the Gnomish Mines.
 You entered a shop.
 You attained the rank of Rogue.
 You entered Sokoban.

 The Dungeons of Doom: levels 1 to 10
    Level 1:
       An altar, a fountain.
    Level 2:
       A fountain.
    Level 3:
       A fountain.
    Level 4:
       A fountain.
       Stairs down to The Gnomish Mines.
    Level 5:
       Some altars to Kos, a fountain.
    Level 6:
       Many fountains.
       Oracle of Delphi.
    Level 7: <- You were here.
       A potion shop, some fountains.
       Stairs up to Sokoban, level 6.
       Final resting place for
          you, killed by an ape.
    Level 8:
       A fountain.
    Level 9:
       A sink.
       Final resting place for
          Trystero-Mon-Hum-Fem-Neu, killed by a forest centaur.
    Level 10:
 The Gnomish Mines:
    Level 5:
 Sokoban:
    Level 6:
       Unsolved.


Vanquished creatures:
  a ghost
  a wood golem
 an elf mummy
  a cockatrice
 39 leprechauns
  2 lizards
  a dingo
  a dwarf leader
  a snake
  2 rock moles
  2 shriekers
  a gnome leader
  a red naga hatchling
  3 elf zombies
  a little dog
  a dwarf
  3 hill orcs
  4 rothes
  a centipede
  5 dwarf zombies
  2 iguanas
  a hobbit
  a large kobold
  3 hobgoblins
  3 cave spiders
  a brown mold
  2 green molds
  a gnome
  2 gnome zombies
  5 geckos
  3 jackals
  a fox
  3 kobolds
  5 grid bugs
  a bat
  3 lichens
  3 kobold zombies
 10 newts
122 creatures vanquished.

No species were genocided or became extinct.

Game over:
                       ----------
                      /          \
                     /    REST    \
                    /      IN      \
                   /     PEACE      \
                  /                  \
                  |      Brudee      |
                  |     5838 Au      |
                  | killed by an ape |
                  |                  |
                  |                  |
                  |                  |
                  |       2026       |
                 *|     *  *  *      | *
        _________)/\\_//(\/(/\)/\//\/|_)_______

Goodbye Brudee the Rogue...

You died in The Dungeons of Doom on dungeon level 7 with 14719 points,
and 5838 pieces of gold, after 5228 moves.
You were level 8 with a maximum of 68 hit points when you died.

